[Event "Titled Tuesday Blitz February 14 Late 2023"]
[White "Di Berardino, Diego Rafael"]
[Black "Grot, Blazej"]
[WhiteFideId "2105446"]
[BlackFideId "21835845"]
[WhiteElo "2479"]
[BlackElo "1990"]
[Result "1-0"]
[Round "08"]
[TimeControl "180+2"]
[Date "2023.02.14"]
[WhiteClock "0:00:07"]
[BlackClock "0:00:02"]

1. d4 d5 2. Nf3 Nf6 3. e3 c6 4. Bd3 e6 5. O-O Bd6 6. Nbd2 O-O 7. Qe2 Qc7 8. e4 dxe4 9. Nxe4 Nxe4 10. Qxe4 f5 11. Qe2 Qf7 12. Re1 Re8 13. Bc4 h6 14. Ne5 Bxe5 15. Qxe5 Nd7 16. Qxe6 Qxe6 17. Rxe6 Kf8 18. Bf4 Rxe6 19. Bxe6 Nf6 20. Bb3 Nd5 21. Bd6+ Kf7 22. c4 Nf6 23. Be5 Ng4 24. Bc7 Be6 25. f3 Nf6 26. Rd1 Rc8 27. Be5 Nd7 28. Bf4 g5 29. Be3 f4 30. Bf2 Nf6 31. g4 fxg3 32. hxg3 Re8 33. d5 Bd7 34. Bxa7 g4 35. Rf1 gxf3 36. Rxf3 Kg6 37. Bc2+ Kg5 38. Be3+ Kg4 39. Bd1 Kh3 40. Kf2 Ng4+ 41. Ke2 Bf5 42. Kd2 Be4 43. Rf4 Nxe3 44. Kxe3 Bxd5+ 45. Kd4 Bg8 46. Rh4+ Kg2 47. Rxh6 Rd8+ 48. Kc3 Rxd1 49. Rg6 Rc1+ 50. Kd2 Rxc4 51. Rxg8 Kf3 52. b3 Rd4+ 53. Kc3 Rd5 54. a4 b5 55. a5 Rd7 56. b4 Ke4 57. Rg6 Kd5 58. g4 Rf7 59. Kd3 Rf3+ 60. Kc2 Rg3 61. Kb2 Kc4 62. a6 Kxb4 63. a7 Ra3 64. Rg7 c5 65. Rb7 Ra5 66. g5 c4 67. g6 c3+ 68. Kc2 Ra2+ 69. Kd3 Rd2+ 70. Ke3 Ra2 71. g7 c2 72. Kd2 Ra1 73. Kxc2 Ra2+ 74. Kd3 Ra3+ 75. Ke4 Ra1 76. g8=Q Re1+ 77. Kd3 1-0


[Site "https://www.chess.com"]

[Event "Titled Tuesday Blitz February 14 Late 2023"]
[White "Dinu, Dumitru-Daniel"]
[Black "Baghdasaryan, Vahe"]
[WhiteFideId "1208403"]
[BlackFideId "13303139"]
[WhiteElo "2203"]
[BlackElo "2257"]
[Result "0-1"]
[Round "08"]
[TimeControl "180+2"]
[Date "2023.02.14"]
[WhiteClock "0:00:01"]
[BlackClock "0:00:08"]

1. e4 c5 2. b3 Nc6 3. Bb2 e5 4. Bb5 d6 5. Ne2 Nf6 6. d3 Be7 7. O-O O-O 8. Bxc6 bxc6 9. f4 exf4 10. Nxf4 Ng4 11. Qe2 Bf6 12. Bxf6 Qxf6 13. Nd2 Re8 14. h3 Qd4+ 15. Kh1 Ne3 16. Rfe1 Nxc2 17. Nf3 Qf6 18. Qxc2 Qxf4 19. e5 Bxh3 20. exd6 Rxe1+ 21. Rxe1 Bg4 22. Re4 Qh6+ 23. Nh2 f5 24. Qc4+ Kf8 25. Re7 Qf6 26. Nxg4 fxg4 27. Qxg4 Re8 28. Rxe8+ Kxe8 29. Qc8+ Kf7 30. Qd7+ Kg6 31. Qe8+ Kh6 32. Qe3+ g5 33. d7 Qf1+ 34. Kh2 Qf8 35. Qe6+ Kg7 36. Qe8 Qf4+ 37. Kg1 Qc1+ 38. Kf2 Qd2+ 39. Kf1 Qd1+ 40. Kf2 Qd2+ 41. Qe2 Qf4+ 42. Ke1 Qc1+ 43. Kf2 Qf4+ 44. Kg1 Qd4+ 45. Kh2 Qxd7 46. Qe5+ Kf7 47. Qxg5 Qxd3 0-1


[Site "https://www.chess.com"]

[Event "Titled Tuesday Blitz February 14 Late 2023"]
[White "Chor, Kevin"]
[Black "Meunier-Pion, Jean"]
[WhiteFideId "2090740"]
[BlackFideId "20685327"]
[WhiteElo "1944"]
[BlackElo "2215"]
[Result "1/2-1/2"]
[Round "08"]
[TimeControl "180+2"]
[Date "2023.02.14"]
[WhiteClock "0:00:08"]
[BlackClock "0:00:05"]

1. e4 c5 2. Nf3 d6 3. d4 cxd4 4. Nxd4 Nf6 5. Nc3 a6 6. Be2 e5 7. Nb3 Be7 8. O-O O-O 9. Be3 Be6 10. Nd5 Nbd7 11. Qd3 Rc8 12. c4 b6 13. Rfd1 Bxd5 14. exd5 Nc5 15. Qc2 g6 16. Nd2 a5 17. b3 Nfd7 18. a3 f5 19. Bh6 Rf7 20. b4 Nb7 21. Qd3 e4 22. Qg3 Bf6 23. Rac1 Be5 24. Bf4 Qf6 25. Nb3 Bb2 26. Rc2 Bxa3 27. bxa5 bxa5 28. Nxa5 Nxa5 29. Qxa3 Nb7 30. Qg3 Ndc5 31. h4 Ra8 32. Bg5 Qg7 33. Be3 Ra3 34. Qg5 Qf6 35. Qf4 Rf8 36. Bd4 Qe7 37. Rb1 Rfa8 38. h5 Ra2 39. Rcb2 Rxb2 40. Rxb2 Ra1+ 41. Kh2 e3 42. hxg6 exf2 43. Qh6 hxg6 44. Qh8+ Kf7 45. Qh7+ Ke8 46. Qxg6+ Qf7 47. Qxf7+ Kxf7 48. Bxf2 Ra4 49. Bg3 Kf6 50. Rb6 Ra6 51. Rb5 Ra8 52. Bxd6 Nxd6 53. Rxc5 Ne4 54. Rc6+ Ke5 55. Bf3 Kf4 56. Bxe4 fxe4 57. d6 e3 58. Rc7 Rd8 59. Rf7+ Ke5 60. Re7+ Kd4 61. d7 Kxc4 62. Kg3 Kd3 63. Kf3 e2 64. Rxe2 Rxd7 65. Re3+ Kd2 66. Re4 Rf7+ 67. Kg3 Kd3 68. Re6 Rg7+ 69. Kf3 Rf7+ 70. Kg3 Rg7+ 71. Kh2 Rh7+ 72. Kg1 Kd4 73. g3 Kd5 74. Re3 Kd4 75. Re2 Kd3 76. Re6 Kd4 77. Kg2 Kd5 78. Re8 Kd6 79. g4 Kd7 80. Re2 Re7 81. Rf2 Ke8 82. Kg3 Rf7 83. Re2+ Kf8 84. g5 Kg7 85. Kg4 Ra7 86. Re4 Kg6 87. Re6+ Kg7 88. Kf5 Ra5+ 89. Kg4 Ra7 90. Kh5 Rb7 91. Rg6+ Kh7 92. Rh6+ Kg7 93. Rd6 Ra7 94. Rd4 Rb7 95. Kg4 Ra7 96. Kf5 Rb7 97. Re4 Ra7 98. Kf4 Rb7 99. Kf5 Ra7 100. Re5 Rb7 101. g6 Ra7 102. Re4 Ra5+ 103. Kg4 Kxg6 104. Re6+ Kf7 105. Re4 Kf6 106. Rf4+ Kg6 107. Rc4 Ra6 108. Re4 Ra5 1/2-1/2


[Site "https://www.chess.com"]

[Event "Titled Tuesday Blitz February 14 Late 2023"]
[White "WindWhistler11"]
[Black "Fernandez, Maria Florencia"]
[BlackFideId "116459"]
[WhiteElo "2627"]
[BlackElo "2129"]
[Result "1-0"]
[Round "08"]
[TimeControl "180+2"]
[Date "2023.02.14"]
[WhiteClock "0:00:11"]
[BlackClock "0:00:04"]

1. Nf3 Nf6 2. g3 g6 3. d3 Bg7 4. Nbd2 O-O 5. Bg2 d6 6. O-O e5 7. c4 Nc6 8. Rb1 Ne8 9. b4 f5 10. b5 Ne7 11. Bb2 h6 12. c5 g5 13. cxd6 cxd6 14. Qb3+ Kh7 15. Rfc1 Ng6 16. Ne1 g4 17. Ba3 h5 18. Nc4 h4 19. Qb4 Rf6 20. Ne3 f4 21. Nd5 fxg3 22. hxg3 hxg3 23. fxg3 Rf7 24. Be4 Bh6 25. Ng2 Bxc1 26. Bxc1 Kg7 27. Qd2 Nh8 28. Qh6+ Kg8 29. Bg5 Qd7 30. Bf6 Rxf6 31. Nxf6+ Nxf6 32. Qxf6 Qe6 33. Qg5+ Kf7 34. Ne3 Qf6 35. Rf1 Qxf1+ 36. Kxf1 Be6 37. Bd5 Bxd5 38. Qf5+ Kg7 39. Qg5+ Ng6 40. Nxd5 Rf8+ 41. Ke1 Rf7 42. Ne3 Kh7 43. Nf5 Nf8 44. Qh6+ Kg8 45. Nxd6 Rh7 46. Qg5+ Rg7 47. Qxe5 Ng6 48. Qd5+ Kh7 49. Nf5 Rc7 50. Qh1+ Kg8 51. Nh6+ Kg7 52. Kd2 Kf6 53. Nxg4+ Ke6 54. Ne3 Ne5 55. Qh6+ Kd7 56. Qg7+ Kc8 57. Qxe5 Rd7 58. Qf5 Kc7 59. g4 Rd6 60. Qf4 Kd7 61. g5 Rb6 62. Qf5+ Kc7 63. g6 Rd6 64. g7 Kb6 65. g8=Q Ka5 66. Nc4+ Ka4 67. Nxd6 a5 68. Qb3# 1-0


[Site "https://www.chess.com"]

[Event "Titled Tuesday Blitz February 14 Late 2023"]
[White "Hajiyev, Kanan"]
[Black "Delorme, Axel"]
[WhiteFideId "13404148"]
[BlackFideId "632023"]
[WhiteElo "2197"]
[BlackElo "2483"]
[Result "0-1"]
[Round "08"]
[TimeControl "180+2"]
[Date "2023.02.14"]
[WhiteClock "0:00:01"]
[BlackClock "0:00:17"]

1. d4 d5 2. c4 e6 3. cxd5 exd5 4. Nc3 c5 5. Nf3 Nc6 6. Bg5 f6 7. Bf4 g5 8. Be3 g4 9. Nh4 f5 10. g3 Bg7 11. Bf4 cxd4 12. Nb1 Qb6 13. Bg2 Qxb2 14. Nd2 Nf6 15. O-O O-O 16. Nb3 Ne4 17. Qc1 Qxc1 18. Raxc1 Nc3 19. Rc2 Nb4 20. Rd2 Ne4 21. Bxe4 dxe4 22. Bd6 Nc6 23. Bxf8 Kxf8 24. Rfd1 Be6 25. Nxd4 Nxd4 26. Rxd4 Bxd4 27. Rxd4 Rc8 28. Ra4 a6 29. Ra5 Rc1+ 30. Kg2 Rc2 31. Nxf5 Rxe2 32. Nd4 Rd2 33. Nxe6+ Ke7 34. Ng5 e3 35. Nxh7 Rxf2+ 36. Kg1 Kf7 37. Re5 Rxa2 38. Rxe3 b5 39. Ng5+ Kg6 40. Ne6 b4 41. Nc5 a5 42. Re6+ Kf5 43. Re8 a4 44. Rb8 b3 45. Rb4 b2 46. Nxa4 Ra1+ 47. Kg2 b1=Q 48. Rxb1 Rxb1 49. Nc3 Rb2+ 50. Kg1 Rc2 51. Nb5 Ke4 52. Nd6+ Kf3 53. Kf1 Rc1# 0-1


[Site "https://www.chess.com"]

[Event "Titled Tuesday Blitz February 14 Late 2023"]
[White "Haszon, David"]
[Black "Bas Mas, Jose Joaquin"]
[WhiteFideId "733610"]
[BlackFideId "22219064"]
[WhiteElo "2264"]
[BlackElo "2197"]
[Result "1-0"]
[Round "08"]
[TimeControl "180+2"]
[Date "2023.02.14"]
[WhiteClock "0:00:57"]
[BlackClock "0:00:22"]

1. e4 e6 2. d4 d5 3. Nd2 Nf6 4. e5 Nfd7 5. Bd3 c5 6. c3 Nc6 7. Ngf3 cxd4 8. cxd4 Qb6 9. O-O Be7 10. a3 g5 11. h3 h5 12. Nb3 g4 13. hxg4 hxg4 14. Nh2 g3 15. Nf3 gxf2+ 16. Rxf2 a5 17. Be3 a4 18. Nc1 Ndxe5 19. Nxe5 Nxe5 20. Be2 Bd7 21. Nd3 Nc4 22. Qc1 Bh4 23. Rf3 Rc8 24. Nc5 Bb5 25. Bxc4 Bxc4 26. Qd1 Ke7 27. Qxa4 Qc6 28. Qb4 Qb5 29. Qd2 b6 30. Bg5+ Bxg5 31. Qxg5+ Ke8 32. Qg7 Rf8 33. Nxe6 fxe6 34. Rxf8# 1-0


[Site "https://www.chess.com"]

[Event "Titled Tuesday Blitz February 14 Late 2023"]
[White "Gutkin, Ilya"]
[Black "Petrovic, Aleksa"]
[WhiteFideId "16203470"]
[BlackFideId "967629"]
[WhiteElo "2273"]
[BlackElo "2332"]
[Result "0-1"]
[Round "08"]
[TimeControl "180+2"]
[Date "2023.02.14"]
[WhiteClock "0:00:01"]
[BlackClock "0:01:23"]

1. e4 c6 2. d4 d5 3. Nc3 dxe4 4. Nxe4 Bf5 5. Ng3 Bg6 6. h4 h6 7. h5 Bh7 8. Nf3 e6 9. Bd3 Bxd3 10. Qxd3 Nf6 11. Bd2 c5 12. O-O Nc6 13. Bc3 Qd5 14. Rad1 Rd8 15. dxc5 Qxd3 16. cxd3 Bxc5 17. Ne4 Be7 18. Nxf6+ Bxf6 19. Bxf6 gxf6 20. d4 Rd5 21. Rfe1 Ke7 22. Re4 Rhd8 23. g4 f5 24. gxf5 Rxf5 25. Ne1 Rxh5 26. Nc2 Ra5 27. a3 Rb5 28. b4 Rbd5 29. Kf1 Ke8 30. Ke2 Ne7 31. Ne3 Rg5 32. Rh1 h5 33. Reh4 Ng6 34. Re4 Kf8 35. Kd3 h4 36. Rg4 Ne5+ 37. Ke4 Nxg4 38. Rxh4 Nxe3 39. fxe3 Ke7 40. Kd3 Rg1 0-1


[Site "https://www.chess.com"]

[Event "Titled Tuesday Blitz February 14 Late 2023"]
[White "Ramirez Allo, Eduardo"]
[Black "Miszler, Levente"]
[WhiteFideId "2224178"]
[BlackFideId "763276"]
[WhiteElo "2274"]
[BlackElo "2271"]
[Result "1/2-1/2"]
[Round "08"]
[TimeControl "180+2"]
[Date "2023.02.14"]
[WhiteClock "0:00:49"]
[BlackClock "0:01:03"]

1. d4 Nf6 2. c4 e6 3. Nf3 b6 4. g3 Bb7 5. Bg2 Be7 6. O-O O-O 7. Nbd2 c5 8. dxc5 Bxc5 9. b3 d5 10. Bb2 Nbd7 11. Rc1 Rc8 12. cxd5 Nxd5 13. Nc4 N7f6 14. Nfe5 Qe7 15. Nd3 Rfd8 16. Nxc5 bxc5 17. Qc2 Nb4 18. Qb1 Bxg2 19. Kxg2 Qb7+ 20. Kg1 Qd5 21. Rfd1 Qh5 22. Bxf6 gxf6 23. Nd6 Rb8 24. Ne4 Qxe2 25. Nxf6+ Kg7 26. Rxd8 Rxd8 27. Qxh7+ Kxf6 28. Qh4+ Kg7 29. Qxd8 Nd3 30. Rf1 Ne5 31. Qg5+ Kf8 32. Qe3 Qh5 33. Qxc5+ Kg8 34. b4 Nf3+ 35. Kg2 Nh4+ 36. Kh3 Nf5+ 37. Kg2 Nh4+ 38. Kg1 Nf3+ 39. Kg2 Nh4+ 1/2-1/2


[Site "https://www.chess.com"]

[Event "Titled Tuesday Blitz February 14 Late 2023"]
[White "ArchibaldCerveza29"]
[Black "Sarkar, Justin"]
[BlackFideId "2010011"]
[WhiteElo "2469"]
[BlackElo "2309"]
[Result "0-1"]
[Round "08"]
[TimeControl "180+2"]
[Date "2023.02.14"]
[WhiteClock "0:00:05"]
[BlackClock "0:00:02"]

1. e4 e5 2. Nf3 Nc6 3. Bc4 d6 4. d4 exd4 5. Nxd4 Nf6 6. Nc3 Be7 7. O-O O-O 8. Kh1 Nxe4 9. Nxc6 bxc6 10. Nxe4 d5 11. Bd3 dxe4 12. Bxe4 Ba6 13. Re1 Qxd1 14. Rxd1 Rad8 15. Bf4 Bd6 16. Bxd6 Rxd6 17. Rxd6 cxd6 18. Bxc6 Rc8 19. Be4 d5 20. Bf5 Re8 21. Kg1 Re2 22. Rd1 g6 23. Bg4 Rxc2 24. Rxd5 Rxb2 25. h4 Rxa2 26. Rd7 Bc4 27. Rc7 Bb3 28. Rb7 Bd5 29. Rd7 Bc4 30. Rc7 Bd5 31. h5 gxh5 32. Bf5 a5 33. Rd7 Bb3 34. f4 a4 35. Be4 a3 36. f5 f6 37. Rb7 Bc4 38. Rc7 Bb3 39. Rb7 Bc4 40. Rc7 Bb3 41. Rc3 Bf7 42. Rc8+ Kg7 43. Ra8 Ra1+ 44. Kh2 a2 45. Ra7 Re1 46. Bd5 a1=Q 47. Rxf7+ Kh6 48. Rxf6+ Kg5 49. Re6 Rxe6 50. fxe6 Qe5+ 51. Kh3 Qxd5 52. e7 Qe6+ 53. Kh2 Qxe7 54. g3 Qe3 55. Kg2 h4 56. Kh1 hxg3 57. Kg2 Qf2+ 58. Kh1 Qf1# 0-1


[Site "https://www.chess.com"]

[Event "Titled Tuesday Blitz February 14 Late 2023"]
[White "Womacka, Mathias"]
[Black "FuenfgegenWilly"]
[WhiteFideId "4611390"]
[WhiteElo "2396"]
[BlackElo "2322"]
[Result "1-0"]
[Round "08"]
[TimeControl "180+2"]
[Date "2023.02.14"]
[WhiteClock "0:00:17"]
[BlackClock "0:00:02"]

1. e4 c6 2. d4 g6 3. Nc3 Bg7 4. Nf3 d5 5. h3 Nf6 6. e5 Ne4 7. Nxe4 dxe4 8. Ng5 c5 9. Nxe4 cxd4 10. f4 Nc6 11. Bc4 O-O 12. O-O Bf5 13. Ng3 Rc8 14. Nxf5 gxf5 15. e6 Kh8 16. exf7 e5 17. Be6 Rc7 18. fxe5 Nxe5 19. Rxf5 Qd6 20. Bb3 d3 21. cxd3 Nxd3 22. Be3 Rd7 23. Rd5 Qxd5 24. Bxd5 Rxd5 25. Qb3 Rd7 26. Rd1 Rfd8 27. Bg5 Bd4+ 28. Kh2 Be5+ 29. g3 Kg7 30. Bxd8 Nc5 31. Qc2 Ne6 32. Rxd7 1-0


[Site "https://www.chess.com"]

[Event "Titled Tuesday Blitz February 14 Late 2023"]
[White "Fajdetic, Hrvoje"]
[Black "reevecanada"]
[WhiteFideId "14501945"]
[WhiteElo "2151"]
[BlackElo "2466"]
[Result "1/2-1/2"]
[Round "08"]
[TimeControl "180+2"]
[Date "2023.02.14"]
[WhiteClock "0:00:11"]
[BlackClock "0:00:24"]

1. f4 e5 2. fxe5 d6 3. exd6 Bxd6 4. Nf3 g5 5. g3 g4 6. Nh4 Ne7 7. Nc3 Ng6 8. Ng2 h5 9. Ne4 h4 10. Nxd6+ Qxd6 11. gxh4 Nxh4 12. d4 Nxg2+ 13. Bxg2 Rxh2 14. Rxh2 Qxh2 15. Kf1 g3 16. Qd3 Bh3 17. Qe4+ Kd7 18. Bxh3+ Qxh3+ 19. Qg2 Qh4 20. Be3 Nc6 21. Qd5+ Ke8 22. Qg5 Qh3+ 23. Kg1 Ne7 24. Qh6 Qxh6 25. Bxh6 Nf5 26. Bf4 Nxd4 27. e3 Ne2+ 28. Kg2 Rd8 29. Bxg3 Nxg3 30. Kxg3 Rd2 31. Rc1 b5 32. Kf4 c5 33. a3 c4 34. e4 Kd7 35. Ke3 Rh2 36. Rd1+ Kc6 37. Rd2 Rh4 38. Kd4 f5 39. Re2 fxe4 40. Rxe4 Rh2 41. Kc3 a5 42. Re5 Rf2 43. Rg5 Kb6 44. Re5 Rf3+ 45. Kd2 b4 46. axb4 axb4 47. Rg5 Rf2+ 48. Kd1 Rf1+ 49. Kd2 Rb1 50. b3 cxb3 51. cxb3 Rxb3 52. Kc2 Re3 53. Kb2 Kc6 54. Rf5 Rc3 55. Rg5 Kb6 56. Rf5 Kc6 57. Rg5 Re3 58. Rf5 Rg3 59. Rh5 Rf3 60. Rg5 Rf4 61. Kb3 Kb6 62. Rh5 Rd4 63. Rg5 Rh4 64. Rf5 Kc6 65. Re5 Kd6 66. Rb5 Kc6 67. Rxb4 Rh3+ 68. Ka4 Kc5 69. Rb5+ Kc6 70. Rb4 Rc3 71. Rb3 Rc1 72. Ka3 Kc5 73. Kb2 Rf1 74. Rc3+ Kd4 75. Rc1 Rf2+ 76. Rc2 Rf5 77. Rd2+ Ke3 78. Rc2 Rb5+ 79. Kc3 Rb8 80. Rh2 Rc8+ 81. Kb4 Kd4 82. Rh4+ Ke5 83. Rh5+ Kf4 84. Rc5 Rb8+ 85. Kc4 Rf8 86. Rc6 Ke4 87. Re6+ Kf5 88. Re1 Ra8 89. Rf1+ Ke5 90. Re1+ Kd6 91. Rh1 Ra4+ 92. Kb3 Rg4 93. Rh6+ Kd5 94. Rh3 Kc5 95. Re3 Rb4+ 96. Kc3 Ra4 97. Kb3 Rh4 98. Re5+ Kd4 99. Ra5 Kd3 100. Rf5 Rd4 101. Rf3+ Ke4 102. Rc3 Rd6 103. Rc4+ Kd3 104. Rc3+ Kd2 105. Rc2+ Kd1 106. Rc4 Kd2 107. Rc2+ Kd3 108. Rc3+ Kd4 109. Rc4+ Kd5 110. Rc3 Ra6 111. Rd3+ Kc5 112. Rg3 Kb5 113. Rg5+ Kb6 114. Rg6+ Kb7 115. Rxa6 Kxa6 1/2-1/2


[Site "https://www.chess.com"]

[Event "Titled Tuesday Blitz February 14 Late 2023"]
[White "Skaric, Djuro"]
[Black "Seletsky, Grigory"]
[WhiteFideId "934569"]
[BlackFideId "14112191"]
[WhiteElo "2334"]
[BlackElo "2259"]
[Result "1-0"]
[Round "08"]
[TimeControl "180+2"]
[Date "2023.02.14"]
[WhiteClock "0:01:35"]
[BlackClock "0:01:00"]

1. g3 d5 2. Bg2 Nf6 3. d3 c6 4. Nf3 Bg4 5. O-O Nbd7 6. h3 Bh5 7. Nc3 e5 8. e4 dxe4 9. dxe4 Be7 10. g4 Bg6 11. Qe2 O-O 12. Nh4 Qc7 13. Nf5 Rfe8 14. h4 Bf8 15. h5 Bxf5 16. exf5 h6 17. g5 hxg5 18. Bxg5 Nh7 19. Bh4 Ndf6 20. Kh1 Kh8 21. Rg1 Rad8 22. Ne4 Nxe4 23. Bxe4 Be7 24. Qg4 Rg8 25. f6 Bxf6 26. Qf5 g6 27. Bxf6+ Nxf6 28. Qxf6+ Rg7 29. h6 1-0


[Site "https://www.chess.com"]

[Event "Titled Tuesday Blitz February 14 Late 2023"]
[White "Gasparyan, David"]
[Black "Gonzalez, Francisco Silva"]
[WhiteFideId "13311980"]
[BlackFideId "1512285"]
[WhiteElo "2142"]
[BlackElo "2021"]
[Result "1-0"]
[Round "08"]
[TimeControl "180+2"]
[Date "2023.02.14"]
[WhiteClock "0:01:10"]
[BlackClock "0:01:47"]

1. e4 e5 2. Nf3 Nc6 3. d4 exd4 4. Nxd4 Bc5 5. Nb3 Bb6 6. a4 a6 7. a5 Ba7 8. Nc3 Nge7 9. Qe2 d6 10. Be3 O-O 11. O-O-O f5 12. g3 Ne5 13. f4 Bxe3+ 14. Qxe3 Ng4 15. Bc4+ Kh8 16. Qe2 fxe4 17. Nxe4 Nc6 18. Ng5 Qf6 19. h3 Nge5 20. Ne4 Qh6 21. Bd5 Ne7 22. Kb1 N5c6 23. Bc4 Bf5 24. Ng5 d5 25. Bxd5 Nxd5 26. Rxd5 Rae8 27. Rxf5 g6 28. Qxe8 gxf5 29. Nf7+ Kg7 30. Qxf8+ Kxf8 31. Nxh6 b6 32. axb6 cxb6 33. Nxf5 Kf7 34. Nfd4 Nb4 35. Re1 Nd5 36. Re5 Nc7 37. Rh5 Kg6 38. g4 h6 39. f5+ Kf6 40. Rxh6+ Ke5 41. Rxb6 a5 42. Ne6 Nd5 43. Rb5 Ke4 44. Rxd5 a4 45. Rd4+ Kf3 46. f6 a3 47. f7 Kg3 48. f8=Q Kxh3 49. g5 a2+ 50. Kxa2 Kg3 51. Qf7 1-0


[Site "https://www.chess.com"]

[Event "Titled Tuesday Blitz February 14 Late 2023"]
[White "Mikhalsky, Vladimir"]
[Black "Smith, Garrett L"]
[WhiteFideId "14144352"]
[BlackFideId "2024829"]
[WhiteElo "2219"]
[BlackElo "2047"]
[Result "0-1"]
[Round "08"]
[TimeControl "180+2"]
[Date "2023.02.14"]
[WhiteClock "0:00:30"]
[BlackClock "0:00:09"]

1. d4 Nf6 2. c4 g6 3. f3 e6 4. e4 d5 5. e5 Nh5 6. Be3 c5 7. g4 Ng7 8. dxc5 Nc6 9. cxd5 exd5 10. Qd2 d4 11. Bg5 Be7 12. Nh3 Nxe5 13. Be2 d3 14. Bd1 Ne6 15. Bxe7 Qxe7 16. b4 Nd4 17. O-O O-O 18. Nc3 Qh4 19. Kg2 f5 20. Qe1 Qxe1 21. Rxe1 fxg4 22. Rxe5 gxh3+ 23. Kg3 Bf5 24. Nd5 Rfd8 25. Ne7+ Kf7 26. Nxf5 Nxf5+ 27. Kxh3 d2 28. Bb3+ Kg7 29. Rd1 Rd3 30. Bc2 Rxf3+ 31. Kg4 Re3 32. Rd5 Kf6 33. R5xd2 h5+ 34. Kf4 g5# 0-1


[Site "https://www.chess.com"]

[Event "Titled Tuesday Blitz February 14 Late 2023"]
[White "Buchenau, Frank"]
[Black "Hartikainen, Jarmo"]
[WhiteFideId "4604350"]
[BlackFideId "503134"]
[WhiteElo "2222"]
[BlackElo "2108"]
[Result "1/2-1/2"]
[Round "08"]
[TimeControl "180+2"]
[Date "2023.02.14"]
[WhiteClock "0:00:42"]
[BlackClock "0:00:17"]

1. e4 c5 2. Nf3 Nc6 3. Bb5 g6 4. Bxc6 dxc6 5. d3 Bg4 6. h3 Bxf3 7. Qxf3 Bg7 8. O-O e5 9. Be3 b6 10. a4 h6 11. a5 Nf6 12. Nd2 O-O 13. axb6 axb6 14. Nc4 Nd7 15. Qg4 Rxa1 16. Rxa1 Qc7 17. f4 b5 18. Nxe5 Nxe5 19. fxe5 Qxe5 20. c3 h5 21. Qf3 b4 22. d4 cxd4 23. cxd4 Qd6 24. e5 Qd5 25. Qxd5 cxd5 26. Bd2 Rc8 27. Bxb4 Bf8 28. Bxf8 Kxf8 29. Ra5 Rc1+ 30. Kh2 Rc2 31. Rxd5 Rxb2 32. Kg3 Ke7 33. Ra5 Ke6 34. Ra6+ Kd5 35. Rd6+ Ke4 36. Rd7 Rb3+ 37. Kh2 Rd3 38. Rxf7 Rxd4 39. Rg7 Kf5 40. e6 Re4 41. e7 Kf6 42. Rh7 Rxe7 43. Rxe7 Kxe7 44. Kg3 g5 45. h4 Kf6 46. Kf3 gxh4 47. Kf4 Kg6 48. Ke4 Kg5 49. Kf3 Kf5 50. Kf2 Kg4 51. Kg1 Kg3 52. Kh1 h3 53. gxh3 Kxh3 54. Kg1 Kg3 55. Kh1 h4 56. Kg1 h3 57. Kh1 h2 1/2-1/2


[Site "https://www.chess.com"]

[Event "Titled Tuesday Blitz February 14 Late 2023"]
[White "Drnovsek, Gal"]
[Black "Sabar, Ethmane Daouda"]
[WhiteFideId "14607077"]
[BlackFideId "19600097"]
[WhiteElo "2397"]
[BlackElo "2040"]
[Result "1-0"]
[Round "08"]
[TimeControl "180+2"]
[Date "2023.02.14"]
[WhiteClock "0:01:02"]
[BlackClock "0:00:05"]

1. e4 e5 2. Nf3 Nc6 3. d4 exd4 4. Nxd4 Nf6 5. Nxc6 bxc6 6. e5 Qe7 7. Qe2 Nd5 8. c4 Ba6 9. Nd2 g6 10. Nf3 Bg7 11. Bg5 Qb4+ 12. Qd2 Qxd2+ 13. Kxd2 Nb6 14. b3 d5 15. cxd5 Bxf1 16. Rhxf1 cxd5 17. Rac1 Rc8 18. Rc5 c6 19. Rfc1 Kd7 20. Ra5 Rc7 21. Be3 Re8 22. Bf4 Ke6 23. Nd4+ Ke7 24. Nxc6+ Kf8 25. e6 Rcc8 26. e7+ Kg8 27. Bd6 Nd7 28. Rxa7 Nf6 29. f3 Bh6+ 30. f4 Ne4+ 31. Kd3 Nxd6 32. g3 Nb5 33. Rd7 Rc7 34. Rxd5 Bg7 35. Rxb5 Rec8 36. Rd5 Re8 37. Rc4 Rcc8 38. b4 Bf6 39. Rd7 Rxc6 40. Rxc6 Bxe7 41. b5 Bb4 42. b6 1-0


[Site "https://www.chess.com"]

[Event "Titled Tuesday Blitz February 14 Late 2023"]
[White "Rodrigues, Tiago Pereira"]
[Black "Slade, Theodore"]
[WhiteFideId "2101203"]
[BlackFideId "426547"]
[WhiteElo "2155"]
[BlackElo "1995"]
[Result "1-0"]
[Round "08"]
[TimeControl "180+2"]
[Date "2023.02.14"]
[WhiteClock "0:01:19"]
[BlackClock "0:00:30"]

1. d4 d5 2. Bf4 Nf6 3. e3 c5 4. c3 Nc6 5. Nf3 Qb6 6. Qc1 Bf5 7. Nbd2 e6 8. h3 h6 9. Be2 Be7 10. O-O O-O 11. a3 Rac8 12. dxc5 Bxc5 13. b4 Be7 14. c4 Rfd8 15. Ra2 a5 16. c5 Qa7 17. Qb2 Nd7 18. Nb3 Bf6 19. Qd2 a4 20. Nbd4 Nxd4 21. Nxd4 Bh7 22. Nb5 Qa8 23. Nc7 Qa7 24. Nb5 Qa8 25. Nd6 Rc6 26. Bb5 e5 27. Bxc6 bxc6 28. Bg3 Be7 29. Raa1 Bxd6 30. cxd6 Qb8 31. f4 e4 32. f5 Nb6 33. f6 Nc4 34. Qc3 g5 35. h4 Qb6 36. Rae1 Nxd6 37. hxg5 hxg5 38. Bxd6 Rxd6 39. Qe5 1-0


[Site "https://www.chess.com"]

[Event "Titled Tuesday Blitz February 14 Late 2023"]
[White "Bongo Akanga Ndjila, Barthelemy"]
[Black "Papayan, Oleg"]
[WhiteFideId "10609431"]
[BlackFideId "4193911"]
[WhiteElo "1824"]
[BlackElo "2253"]
[Result "0-1"]
[Round "08"]
[TimeControl "180+2"]
[Date "2023.02.14"]
[WhiteClock "0:01:21"]
[BlackClock "0:00:25"]

1. d4 Nf6 2. c4 e6 3. Nf3 d5 4. cxd5 exd5 5. Nc3 c6 6. Qc2 Be7 7. Bg5 O-O 8. e3 Re8 9. Bd3 Nbd7 10. O-O Nf8 11. Rab1 a5 12. a3 Bg4 13. Ne5 Bh5 14. b4 axb4 15. axb4 h6 16. Bh4 N6d7 17. Bg3 Nxe5 18. Bxe5 Nd7 19. Bg3 b5 20. Ne2 Bxe2 21. Qxe2 Nb6 22. Bc2 Nc4 23. Qd3 g6 24. Ra1 Bxb4 25. Rxa8 Qxa8 26. h4 Qa3 27. Bb3 Nd2 28. h5 Nxf1 29. hxg6 f6 30. Kxf1 Kg7 31. Qf5 Qxb3 32. Bf4 Qd1# 0-1


[Site "https://www.chess.com"]

[Event "Titled Tuesday Blitz February 14 Late 2023"]
[White "Kostiukov, Alexandr"]
[Black "Davidson, Kevin"]
[WhiteFideId "14108100"]
[BlackFideId "2056810"]
[WhiteElo "2271"]
[BlackElo "2154"]
[Result "1-0"]
[Round "08"]
[TimeControl "180+2"]
[Date "2023.02.14"]
[WhiteClock "0:01:03"]
[BlackClock "0:00:27"]

1. g3 Nf6 2. Bg2 g6 3. c4 Bg7 4. Nf3 O-O 5. O-O d6 6. d4 Nbd7 7. Nc3 e5 8. h3 c6 9. e4 Qb6 10. c5 dxc5 11. dxe5 Ne8 12. e6 fxe6 13. Ng5 Ne5 14. f4 Nf7 15. Nxf7 Bd4+ 16. Kh2 Rxf7 17. Ne2 e5 18. Nxd4 cxd4 19. fxe5 Rxf1 20. Qxf1 Be6 21. b3 Qc7 22. Bh6 Ng7 23. Qf6 Rf8 24. Qg5 Qd8 25. Qd2 c5 26. Rc1 b6 27. Bg5 Qc7 28. Qxd4 cxd4 29. Rxc7 Rd8 30. Bxd8 1-0


[Site "https://www.chess.com"]

[Event "Titled Tuesday Blitz February 14 Late 2023"]
[White "Martic, Ivan"]
[Black "Ruiz Aguilar, Pablo Alexander"]
[WhiteFideId "929301"]
[BlackFideId "4401352"]
[WhiteElo "2301"]
[BlackElo "2161"]
[Result "1-0"]
[Round "08"]
[TimeControl "180+2"]
[Date "2023.02.14"]
[WhiteClock "0:00:29"]
[BlackClock "0:00:03"]

1. e4 c5 2. d4 cxd4 3. c3 dxc3 4. Nxc3 Nc6 5. Nf3 e6 6. Bc4 a6 7. O-O Nge7 8. Re1 Ng6 9. Be3 b5 10. Bb3 Be7 11. Nd5 exd5 12. exd5 O-O 13. dxc6 dxc6 14. Nd4 Bb7 15. Nf5 Bf6 16. Bc5 Qxd1 17. Raxd1 Rfd8 18. Nd6 Rd7 19. Nxf7 Rxf7 20. Rd7 Nh8 21. Rxb7 g6 22. Re6 Kg7 23. Rxf7+ Nxf7 24. Rxc6 Ne5 25. Rc7+ Kh8 26. h3 Nd3 27. Be3 Nxb2 28. h4 Nc4 29. Bxc4 bxc4 30. Rxc4 a5 31. Rc7 Bxh4 32. Bd4+ Kg8 33. Rg7+ Kf8 34. Rxh7 Bd8 35. a4 Rb8 36. Ra7 Ke8 37. Bc3 Rb1+ 38. Kh2 Bb6 39. Rb7 Kd8 40. Bxa5 Bxa5 41. Rxb1 Kd7 42. Rb5 Bc7+ 43. Kh3 Kc6 44. Kg4 Bd8 45. g3 Kd6 46. f4 Kc6 47. Kf3 Bc7 48. g4 Bd8 49. Ke4 Bc7 50. f5 gxf5+ 51. Kxf5 Bd8 52. g5 1-0


[Site "https://www.chess.com"]